 Dungeon Crawl Stone Soup version 0.27.1-33-g824d729ab1 (webtiles) character file.

Game seed: 7762198707578788618

91 JamezByez the Ducker (level 4, -1/34 HPs)
             Began as a Demonspawn Gladiator on Dec 9, 2021.
             Slain by Sigmund (5 damage)
             ... on level 2 of the Dungeon.
             The game lasted 00:21:46 (2998 turns).

JamezByez the Ducker (Demonspawn Gladiator)         Turns: 2998, Time: 00:21:46

Health: -1/34      AC:  7    Str: 16    XL:     4   Next: 34%
Magic:  0/5        EV: 12    Int:  9    God:
Gold:   69         SH:  0    Dex: 14    Spells: 5/5 levels left

rFire    . . .     SeeInvis .   a - +1 long sword {Jamez}
rCold    . . .     Faith    .   (no shield)
rNeg     . . .     Spirit   +   b - +0 leather armour
rPois    .         Reflect  .   c - +0 helmet
rElec    .         Harm     .   e - +2 cloak
rCorr    .         Rampage  .   (no gloves)
Will     .....                  (no boots)
Stlth    +.........             (no amulet)
HPRegen  0.11/turn              (no ring)
MPRegen  0.18/turn              (no ring)

@: studying Ice Magic
A: magic shield, magic regeneration
a: no special abilities


You were on level 2 of the Dungeon.
You visited 1 branch of the dungeon, and saw 2 of its levels.

You collected 69 gold pieces.

Inventory:

Hand Weapons
 a - a +1 long sword (weapon) {Jamez}
 g - a +0 dagger
 m - a +0 falchion
Missiles
 d - 3 throwing nets
 f - 6 boomerangs (quivered)
 l - 18 arrows
Armour
 b - a +0 leather armour (worn)
 c - a +0 helmet (worn)
 e - a +2 cloak (worn)
Jewellery
 j - an amulet of reflection
Potions
 h - 2 potions of heal wounds {unknown}
 i - a potion of cancellation {unknown}
 k - a potion of curing {unknown}


   Skills:
 + Level 2.5 Fighting
 + Level 3.0 Long Blades
 + Level 2.2 Throwing
 - Level 0.8 Armour
 + Level 3.2 Dodging
 - Level 0.5 Stealth
 + Level 1.0 Spellcasting
 + Level 1.0 Necromancy


You had 5 spell levels left.
You didn't know any spells.
Your spell library contained the following spells:

 Spells                   Type           Power      Damage    Failure   Level
 Pain                     Necr           8%         1d4       30%         1
 Freeze                   Ice            0%         1d3       41%         1
 Shock                    Conj/Air       0%         1d3       41%         1


Dungeon Overview and Level Annotations

Branches:
Dungeon (2/15)

Altars:

Annotations:
D:2 Sigmund


Innate Abilities, Weirdness & Mutations

When hurt, damage is shared between your health and your magic reserves.
You regenerate magic rapidly.


Message History

The hobgoblin closely misses you.
You barely miss the hobgoblin. The hobgoblin closely misses you.
You closely miss the hobgoblin. The hobgoblin barely misses you.
You closely miss the hobgoblin. The hobgoblin closely misses you.
You hit the hobgoblin.
You kill the hobgoblin!
Found a falchion.
You see here a +0 falchion.
m - a +0 falchion An endoplasm comes into view.
The endoplasm quivers.
The endoplasm jiggles.
The endoplasm closely misses you. The endoplasm misses you.
You riposte.
You slash the endoplasm!
You kill the endoplasm!
A goblin and Sigmund come into view.
The goblin shouts!
Sigmund gestures wildly while chanting.
Sigmund flickers and vanishes!
Deactivating autopickup; reactivate with Ctrl-A.
You hit the goblin.
You kill the goblin!
Something hits you!
Things that are here:
a +0 club; a goblin corpse You closely miss something.
You slash something! Something hits you.
You hit something. Something hits you!
You miss something. Something hits you but does no damage.
You closely miss something. Something hits you!
* * * LOW HITPOINT WARNING * * *
You miss something. Something hits you but does no damage.
You slash something! You closely miss something. Something hits you.
* * * LOW HITPOINT WARNING * * *
You miss something. Something hits you.
* * * LOW HITPOINT WARNING * * *
You barely miss something. Something hits you.
* * * LOW HITPOINT WARNING * * *
You miss something. Something hits you.
You die...

....#
###.############
#............#
############.##
.........#
.######..#####
#.......#
#...###.##.#
#...@{.....#
#.#.###.....
.....# ###
#######


There were no monsters in sight!

Vanquished Creatures
  4 adders (D:2)
  A dart slug (D:1)
  An orc (D:2)
  3 ball pythons
  5 bats
  4 endoplasms
  A giant cockroach (D:1)
  6 goblins
  9 hobgoblins
  3 quokkas (D:1)
  A frilled lizard (D:1)
  6 kobolds (D:1)
  3 rats
47 creatures vanquished.

Vanquished Creatures (others)
  A bat (D:2)
1 creature vanquished.

Grand Total: 48 creatures vanquished

Notes
Turn   | Place    | Note
-------+----------+-------------------------------------------
     0 | D:1      | JamezByez the Demonspawn Gladiator began the quest for the
                  | Orb.
     0 | D:1      | Reached XP level 1. HP: 16/16 MP: 1/1
    18 | D:1      | Got The Arcane Arts, Part One
   825 | D:1      | Gained mutation: You regenerate magic rapidly. [demonic
                  | ancestry]
   825 | D:1      | Reached XP level 2. HP: 21/22 MP: 2/2
  1829 | D:1      | Reached XP level 3. HP: 27/27 MP: 3/3
  2355 | D:2      | Gained mutation: When hurt, damage is shared between your
                  | health and your magic reserves. [demonic ancestry]
  2355 | D:2      | Reached XP level 4. HP: 34/34 MP: 5/5
  2739 | D:2      | Reached skill level 1 in Spellcasting
  2785 | D:2      | Reached skill level 1 in Necromancy
  2983 | D:2      | Noticed Sigmund
  2998 | D:2      | Slain by Sigmund

Illustrated notes

Levels and vault maps discovered:
D:1:      grunt_arrival_crossed_arrows, layout_loops_ring,
          minmay_misc_feat_plants, minmay_box_of_dots
D:2:      layout_loops_ring, uniq_sigmund

Skill      XL: |  1  2  3  4 |
---------------+-------------+-----
Dodging        | 3 |  3.2
Throwing       | 2 |  2.2
Long Blades    | 3 |  3.0
Spellcasting   | 1 |  1.0
Necromancy     | 1 |  1.0
Fighting       | |  2.5
Armour         | |  0.8
Stealth        | |  0.5

Action                   |  1- 3 |  4- 6 || total
-------------------------+-------+-------++-------
Melee: Long sword        |    99 |    36 ||   135
Throw: Throwing net      |     1 |       ||     1
  Use: Scroll            |     4 |     1 ||     5
 Stab: Sleeping          |     1 |     1 ||     2
Armor: Leather armour    |    34 |    20 ||    54
Dodge: Dodged            |    82 |    31 ||   113
       Rpst.: Long sword |    31 |     8 ||    39
